 Dungeon Crawl Stone Soup version 0.31.0-11-ge490571c62 (webtiles) character file.

Game seed: 17877718017996088620

67074 qw the Spry (level 14, -4/72 HPs)
             Began as a Spriggan Hunter on Feb 4, 2024.
             Was the Champion of Okawaru.
             Slain by a vault guard
             ... wielding a +2 long sword of holy wrath
              (18 damage)
             ... on level 13 of the Dungeon.
             The game lasted 00:02:31 (17041 turns).

qw the Spry (Spriggan Hunter)                      Turns: 17041, Time: 00:02:32

Health: -4/72      AC: 13    Str:  7      XL:     14   Next: 81%
Magic:  22/22      EV: 39    Int: 12 (13) God:    Okawaru [******]
Gold:   964        SH:  0    Dex: 31      Spells: 13/13 levels left

rFire   + + .        q - +6 hand cannon (drain)
rCold   + . .        (no shield)
rNeg    . . .        v - +5 acid dragon scales "Honeup" {rCorr Int+2 SInv}
rPois   +            u - +2 hat
rElec   .            s - scarf {rC+ rF+}
rCorr   +            (gloves unavailable)
SInv    +            (boots unavailable)
Will    ++...        x - amulet of faith
Stlth   ++           d - ring of Foddum {rPois Dex+2}
HPRegen 0.32/turn    f - +6 ring of dexterity
MPRegen 0.18/turn

%: faith
@: about to teleport, very quick
A: very small, no large weapons, unfitting armour, see invisible, speed 3,
deterioration 1, fire resistance 1
a: Renounce Religion, Heroism, Finesse, Duel


You were on level 13 of the Dungeon.
You worshipped Okawaru.
Okawaru was exalted by your worship.
You visited 3 branches of the dungeon, and saw 20 of its levels.

You collected 1441 gold pieces.
You spent 477 gold pieces at shops.


Innate Abilities, Weirdness & Mutations

You are very small and have problems with some larger weapons.
You are too small for most types of armour.
You have supernaturally acute eyesight. (SInv)
You cover ground extremely quickly. (Speed+++)
Your body sometimes deteriorates upon taking damage.
Your flesh is heat resistant. (rF+)


   Skills:
 + Level 7.4 Fighting
 - Level 18.0 Ranged Weapons
 - Level 2.0 Armour
 - Level 19.0 Dodging
 - Level 1.5 Stealth
 - Level 10.0 Invocations


You had 13 spell levels left.
You didn't know any spells.
Your spell library was empty.

Inventory:

Hand Weapons
 q - a +6 hand cannon of draining (weapon)
Armour
 j - a +2 robe of resistance
 r - a +0 cloak
 s - a scarf of resistance (worn)
 u - a +2 hat (worn)
 v - the +5 acid dragon scales "Honeup" (worn) {rCorr Int+2 SInv}
   (Okawaru gifted it to you on level 5 of the Lair of Beasts)

   Int+2:     It affects your intelligence (+2).
   SInv:      It lets you see invisible.
   rCorr:     It protects you from acid and corrosion.
Jewellery
 d - the ring of Foddum (left hand) {rPois Dex+2}
   (You acquired it on level 1 of the Dungeon)

   [ring of poison resistance]

   Dex+2:     It affects your dexterity (+2).
   rPois:     It protects you from poison
 f - a +6 ring of dexterity (right hand)
 t - a ring of protection from fire
 x - an amulet of faith (around neck)
Wands
 g - a wand of light (4)
 m - a wand of digging (4)
 o - a wand of roots (10)
 w - a wand of mindburst (5)
Scrolls
 b - a scroll of teleportation
 y - a scroll of enchant armour
Potions
 a - 3 potions of mutation
 c - 2 potions of enlightenment
 e - a potion of magic
 h - 6 potions of might
 i - 13 potions of curing
 k - 2 potions of cancellation
 l - a potion of haste
 n - a potion of resistance
 p - 2 potions of heal wounds

Dungeon Overview and Level Annotations

Branches:
Dungeon (14/15)            Temple (1/1) D:4            Lair (5/5) D:9
  Swamp (0/4) Lair:2       Spider (0/4) Lair:3          Orc (0/2) D:10
 Vaults (0/5) D:14
  Slime: Lair:4-5

Altars:
Ashenzari
Cheibriados
Dithmenos
Elyvilon
Fedhas
Gozag
Hepliaklqana
Kikubaaqudgha
Makhleb
Nemelex Xobeh
Okawaru
Qazlal
Ru
Sif Muna
Trog
Uskayaw
Vehumet
Wu Jian
Xom
Yredelemnul
Zin
The Shining One
Jiyva

Shops:
D:8 ?![(   D:11 [   D:13 :

Annotations:
D:8 2 transporters
D:11 exclusion: obsidian statue
D:12 1 runed translucent door, Gauc's ghost, journeyman HOFi
Lair:1 1 runed translucent door
Lair:3 exclusion: elephant
Lair:4 exclusion: oklob plant


Message History

You climb downwards.
The vault guard completely misses you.
The vault guard hits you with a +3 battleaxe!
There is a stone staircase leading up, spattered with blood here.
You shoot a bolt. The bolt hits the vault guard!
You drain the vault guard.
The vault guard is lightly wounded.
The vault guard completely misses you.
The vault guard hits you with a +3 battleaxe!
You shoot a bolt. The bolt hits the vault guard!
You drain the vault guard.
The vault guard is moderately wounded.
The vault guard misses you. x2
17032 ||| STAIRDANCE The vault guard barely misses you.
The vault guard completely misses you.
The vault guard hits you from afar with a +0 glaive!
You climb upwards.
There is a stone staircase leading down, spattered with blood here.
You shoot a bolt. The bolt barely misses the vault guard.
The vault guard hits you but does no damage.
The vault guard completely misses you.
You shoot a bolt. The bolt hits the vault guard!!
You drain the vault guard.
The vault guard is severely wounded.
The vault guard closely misses you. The vault guard completely misses you.
You shoot a bolt. The bolt hits the vault guard!!
You kill the vault guard!
Okawaru accepts your kill. The vault guard completely misses you.
You shoot a bolt. The vault guard blocks the bolt.
The vault guard hits you with a +2 long sword of holy wrath!
Your body deteriorates!
You feel dopey.
You shoot a bolt. The vault guard blocks the bolt.
The vault guard completely misses you.
You shoot a bolt. The vault guard blocks the bolt.
The vault guard hits you with a +2 long sword of holy wrath!
You shoot a bolt. The vault guard blocks the bolt.
The vault guard completely misses you.
The vault guard hits you with a +2 long sword of holy wrath.
17041 ||| READING 2 scrolls of teleportation.
As you read the scroll of teleportation, it crumbles to dust.
You feel strangely unstable.
The vault guard hits you with a +2 long sword of holy wrath!!
You die...

###................#
#......###.#.#.#.#
#..<.......##....#
#.##############.#
#.##############.#
#..............#.#
#.############.#.#
#.# #p#.# # #^#
#@#.# ###.# #0#.#
.##.############.#.#
.##..............#.#
.##.##############.#
###.# #.# # #.# #.#
#.# #.# #.# ###.#


You could see a vault guard.

Vanquished Creatures
  Nessos (Lair:3)
  A dire elephant (Lair:5)
  4 hydras
  A catoblepas (Lair:5)
  5 vault guards
  A tengu warrior (D:12)
  Erica (D:11)
  2 two-headed ogres
  2 centaur warriors (D:13)
  A deep troll shaman (Lair:5)
  6 death yaks (Lair:5)
  Urug (Lair:1)
  3 skysharks
  A bog body (Lair:2)
  2 lindwurms (Lair:4)
  A manticore (D:13)
  A cyclops (D:11)
  2 oklob plants (Lair:2)
  2 ugly things
  A meliai (Lair:3)
  5 elephants
  4 black mambas
  20 cane toads
  6 kobold demonologists
  5 rime drakes
  2 unseen horrors (D:13)
  2 tengu conjurers
  15 komodo dragons
  9 trolls
  7 polar bears
  2 raiju (D:10)
  20 blink frogs
  A shadow (D:10)
  7 wyverns
  2 wraiths
  63 yaks
  6 basilisks
  6 vampire mosquitoes
  A swamp worm (Lair:2)
  5 acid dragons
  17 water moccasins
  An orc warrior (D:9)
  2 ice beasts
  A sky beast (D:8)
  7 black bears
  2 ogres (D:5)
  30 wolves
  4 centaurs
  A phantom (D:4)
  5 kobold brigands
  14 bullfrogs
  A scorpion (D:6)
  5 wights
  11 killer bees
  7 electric eels
  3 howler monkeys (D:11)
  2 bombardier beetles (D:6)
  A gnoll bouda (D:7)
  6 jellies
  3 hounds
  6 orc priests
  14 hell rats
  3 iguanas
  6 orc wizards
  5 gnolls (D:7)
  5 adders
  2 shadow imps
  2 dart slugs
  23 orcs
  2 ball pythons
  5 bats
  4 endoplasms
  6 giant cockroaches
  8 goblins
  6 hobgoblins
  14 jackals
  2 quokkas (D:4)
  4 frilled lizards
  33 kobolds
  9 rats
509 creatures vanquished.

Notes
Turn   | Place    | Note
-------+----------+-------------------------------------------
     0 | D:1      | qw the Spriggan Hunter began the quest for the Orb.
     0 | D:1      | Reached XP level 1. HP: 10/10 MP: 2/2
     0 | D:1      | 0 ||| qw: Version: 0.3-a-160-g6735b56
     0 | D:1      | 0 ||| qw: Game counter: 5304
     0 | D:1      | 0 ||| qw: Melee chars always use a shield: true
     0 | D:1      | 0 ||| qw: God list: Okawaru
     0 | D:1      | 0 ||| qw: Allow faded altars: false
     0 | D:1      | 0 ||| qw: Do Orc after clearing Dungeon:15 true
     0 | D:1      | 0 ||| qw: Do second Lair branch before Depths: true
     0 | D:1      | 0 ||| qw: Lair rune preference: random
     0 | D:1      | 0 ||| qw: Goals: Normal
     0 | D:1      | 0 ||| PLANNING D:1-11
    41 | D:1      | Reached skill level 3 in Dodging
   155 | D:1      | Reached XP level 2. HP: 14/14 MP: 3/3
   211 | D:1      | Reached skill level 4 in Dodging
   452 | D:1      | 452 ||| READING scroll labelled BUTEYKAEFE.
   453 | D:1      | 453 ||| READING scroll labelled SIDIXAE OFESOP.
   453 | D:1      | 453 ||| IDENTIFYING 3 red potions
   454 | D:1      | 454 ||| READING scroll labelled IXKOYDGH DEAFAG.
   454 | D:1      | Identified a scroll of acquirement
   454 | D:1      | 454 ||| ACQUIRING ring of Foddum {rPois Dex+2}
   454 | D:1      | Acquired the ring of Foddum {rPois Dex+2}
   456 | D:1      | 456 ||| UPGRADING to ring of Foddum {rPois Dex+2}.
   457 | D:1      | 457 ||| READING scroll labelled UPLOBBURARCH.
   461 | D:1      | 461 ||| DROPPING scroll of butterflies.
   523 | D:2      | Reached XP level 3. HP: 18/18 MP: 4/4
   915 | D:2      | 915 ||| UPGRADING to +2 robe of resistance.
   925 | D:2      | 925 ||| DROPPING +0 robe.
   926 | D:2      | 926 ||| UPGRADING to +6 ring of dexterity.
   927 | D:2      | 927 ||| READING 2 scrolls labelled YLEEBBOUXU.
   928 | D:2      | 928 ||| READING scroll labelled TAUMUQUCEN.
   928 | D:2      | 928 ||| ENCHANTING +0 shortbow.
   929 | D:2      | 929 ||| DROPPING scroll of revelation.
  1091 | D:3      | Reached XP level 4. HP: 22/22 MP: 5/5
  1179 | D:3      | Found a snail-covered altar of Cheibriados.
  1202 | D:3      | Found a stormy altar of Qazlal.
  1207 | D:3      | Found a shadowy altar of Dithmenos.
  1208 | D:3      | Found a blossoming altar of Fedhas.
  1209 | D:3      | Found an ancient bone altar of Kikubaaqudgha.
  1211 | D:3      | Found a sacrificial altar of Ru.
  1212 | D:3      | Found a shimmering altar of Xom.
  1383 | D:3      | 1383 ||| READING scroll of identify.
  1383 | D:3      | 1383 ||| IDENTIFYING silvery potion
  1384 | D:3      | 1384 ||| READING scroll labelled TONISH ABUMM.
  1385 | D:3      | 1385 ||| DRINKING 2 emerald potions.
  1514 | D:4      | 1514 ||| READING scroll labelled ONIT FEXAM.
  1515 | D:4      | 1515 ||| DRINKING 2 inky potions.
  1555 | D:4      | Found a broken altar of Ashenzari.
  1614 | D:4      | Reached skill level 5 in Dodging
  1698 | D:4      | Reached XP level 5. HP: 25/25 MP: 6/6
  1730 | D:4      | Reached skill level 6 in Dodging
  1745 | D:4      | Found an ornate altar of the Wu Jian Council.
  1757 | D:4      | Noticed a phantom
  1758 | D:4      | 1758 ||| DRINKING potion of haste.
  1762 | D:4      | Found a staircase to the Ecumenical Temple.
  1763 | D:4      | 1763 ||| PLANNING TEMPLE
  1775 | D:4      | Killed a phantom
  1813 | D:4      | 1813 ||| READING scroll labelled RETHRA ASYPPO.
  1814 | D:4      | 1814 ||| DRINKING 2 puce potions.
  1824 | Temple   | Entered the Ecumenical Temple
  1825 | Temple   | 1825 ||| PLANNING D:1-11
  2039 | D:4      | 2039 ||| READING scroll labelled DETOXKAUWO.
  2161 | D:5      | Entered Level 5 of the Dungeon
  2186 | D:5      | Noticed an ogre
  2195 | D:5      | Killed an ogre
  2196 | D:5      | Reached skill level 7 in Dodging
  2196 | D:5      | Reached XP level 6. HP: 21/32 MP: 7/7
  2284 | D:5      | Noticed a water moccasin
  2285 | D:5      | 2285 ||| DRINKING potion of haste.
  2298 | D:5      | Killed a water moccasin
  2319 | D:5      | Noticed an ice beast
  2320 | D:5      | 2320 ||| RETREEEEATING.
  2321 | D:5      | 2321 ||| RETREEEEATING.
  2322 | D:5      | 2322 ||| RETREEEEATING.
  2323 | D:5      | 2323 ||| RETREEEEATING.
  2324 | D:5      | 2324 ||| RETREEEEATING.
  2325 | D:5      | 2325 ||| RETREEEEATING.
  2326 | D:5      | 2326 ||| RETREEEEATING.
  2327 | D:5      | 2327 ||| RETREEEEATING.
  2328 | D:5      | 2328 ||| RETREEEEATING.
  2329 | D:5      | 2329 ||| FLEEEEING.
  2330 | D:5      | 2330 ||| FLEEEEING.
  2331 | D:5      | 2331 ||| FLEEEEING.
  2332 | D:5      | 2332 ||| FLEEEEING.
  2333 | D:5      | 2333 ||| FLEEEEING.
  2334 | D:5      | 2334 ||| FLEEEEING.
  2335 | D:5      | 2335 ||| FLEEEEING.
  2336 | D:5      | 2336 ||| FLEEEEING.
  2337 | D:5      | 2337 ||| FLEEEEING.
  2338 | D:5      | 2338 ||| STAIRDANCE
  2450 | D:5      | 2450 ||| RETREEEEATING.
  2461 | D:5      | Reached skill level 6 in Ranged Weapons
  2461 | D:5      | Reached XP level 7. HP: 29/35 MP: 8/8
  2480 | D:5      | Reached skill level 8 in Dodging
  2687 | D:5      | Found an iron altar of Okawaru.
  2688 | D:5      | 2688 ||| PLANNING OKAWARU WORSHIP
  2688 | D:5      | 2688 ||| READING scroll labelled OTTUOZOZOA.
  2696 | D:5      | Became a worshipper of Warmaster Okawaru
  2697 | D:5      | 2697 ||| PLANNING D:1-11
  3020 | D:5      | Found a glowing golden altar of the Shining One.
  3068 | D:6      | 3068 ||| STAIRDANCE
  3094 | D:6      | 3094 ||| STAIRDANCE
  3096 | D:5      | 3096 ||| RETREEEEATING.
  3096 | D:5      | HP: 8/35 [orc warrior/+1 scimitar of flaming (4)]
  3097 | D:5      | 3097 ||| READING 4 scrolls of teleportation.
  3098 | D:5      | 3098 ||| RETREEEEATING.
  3099 | D:5      | 3099 ||| RETREEEEATING.
  3100 | D:5      | 3100 ||| RETREEEEATING.
  3101 | D:5      | 3101 ||| RETREEEEATING.
  3102 | D:5      | 3102 ||| RETREEEEATING.
  3103 | D:5      | 3103 ||| RETREEEEATING.
  3104 | D:5      | 3104 ||| RETREEEEATING.
  3234 | D:6      | 3234 ||| STAIRDANCE
  3247 | D:6      | 3247 ||| STAIRDANCE
  3325 | D:6      | 3325 ||| STAIRDANCE
  3335 | D:5      | Reached skill level 9 in Dodging
  3335 | D:5      | Reached XP level 8. HP: 14/39 MP: 9/9
  3436 | D:6      | 3436 ||| STAIRDANCE
  3459 | D:6      | 3459 ||| STAIRDANCE
  3529 | D:6      | 3529 ||| STAIRDANCE
  3612 | D:6      | 3612 ||| STAIRDANCE
  3650 | D:6      | 3650 ||| STAIRDANCE
  3686 | D:6      | 3686 ||| STAIRDANCE
  3826 | D:6      | Reached skill level 3 in Fighting
  3885 | D:6      | 3885 ||| FLEEEEING.
  3887 | D:6      | 3887 ||| FLEEEEING.
  4017 | D:6      | Reached * piety under Okawaru
  4150 | D:6      | 4150 ||| READING scroll of acquirement.
  4150 | D:6      | 4150 ||| ACQUIRING +5 hand cannon of draining
  4150 | D:6      | Acquired a +5 hand cannon of draining
  4152 | D:6      | 4152 ||| SWAPPING to +5 hand cannon of draining.
  4153 | D:6      | 4153 ||| DROPPING +1 shortbow.
  4192 | D:6      | Reached skill level 10 in Dodging
  4327 | D:6      | Found a bloodstained altar of Trog.
  4333 | D:6      | 4333 ||| READING 2 scrolls of identify.
  4333 | D:6      | 4333 ||| IDENTIFYING fuming clear potion
  4334 | D:6      | 4334 ||| READING scroll of identify.
  4334 | D:6      | 4334 ||| IDENTIFYING metallic purple potion
  4335 | D:6      | 4335 ||| READING scroll labelled NIGAOL YFOYR.
  4335 | D:6      | 4335 ||| ENCHANTING +5 hand cannon of draining.
  4336 | D:6      | 4336 ||| DROPPING potion of invisibility.
  4382 | D:7      | Reached skill level 1 in Invocations
  4658 | D:7      | Reached skill level 3 in Invocations
  4980 | D:7      | Found a radiant altar of Vehumet.
  4987 | D:7      | Reached XP level 9. HP: 44/44 MP: 12/12
  5063 | D:8      | 5063 ||| STAIRDANCE
  5216 | D:8      | Found Vacoama's Magic Scroll Shop.
  5220 | D:8      | Reached skill level 9 in Ranged Weapons
  5220 | D:8      | Reached ** piety under Okawaru
  5222 | D:8      | 5222 ||| STAIRDANCE
  5224 | D:7      | HP: 4/44 [acid dragon/splash of acid (15)]
  5225 | D:7      | 5225 ||| READING 4 scrolls of teleportation.
  5229 | D:7      | 5229 ||| FLEEEEING.
  5252 | D:7      | 5252 ||| FLEEEEING.
  5277 | D:7      | 5277 ||| FLEEEEING.
  5420 | D:8      | 5420 ||| STAIRDANCE
  5427 | D:8      | 5427 ||| STAIRDANCE
  5440 | D:8      | 5440 ||| STAIRDANCE
  5477 | D:8      | Found Uharoxig's Distillery.
  5485 | D:8      | Reached skill level 11 in Dodging
  5533 | D:8      | 5533 ||| BUYING 2 potions of curing (90 gold).
  5533 | D:8      | Bought 2 potions of curing for 90 gold pieces
  5533 | D:8      | 5533 ||| BUYING 2 potions of curing (90 gold).
  5533 | D:8      | Bought 2 potions of curing for 90 gold pieces
  5533 | D:8      | 5533 ||| BUYING potion of cancellation (120 gold).
  5533 | D:8      | Bought a potion of cancellation for 120 gold pieces
  5533 | D:8      | 5533 ||| SHOPLISTING potion of cancellation (120 gold, have
                  | 48).
  5533 | D:8      | 5533 ||| BUYING potion of curing (45 gold).
  5533 | D:8      | Bought a potion of curing for 45 gold pieces
  5533 | D:8      | 5533 ||| SHOPLISTING potion of curing (45 gold, have 3).
  5533 | D:8      | 5533 ||| SHOPLISTING potion of enlightenment (75 gold, have
                  | 3).
  5533 | D:8      | 5533 ||| SHOPLISTING potion of heal wounds (75 gold, have
                  | 3).
  5533 | D:8      | 5533 ||| SHOPLISTING potion of might (60 gold, have 3).
  5533 | D:8      | 5533 ||| SHOPLISTING potion of mutation (120 gold, have 3).
  5575 | D:8      | Found Dufanyes's Antique Weapon Shop.
  5796 | D:8      | 5796 ||| SHOPLISTING scroll of enchant armour (97 gold,
                  | have 21).
  5796 | D:8      | 5796 ||| SHOPLISTING scroll of enchant weapon (97 gold,
                  | have 21).
  5796 | D:8      | 5796 ||| SHOPLISTING scroll of identify (26 gold, have 21).
  5796 | D:8      | 5796 ||| SHOPLISTING scroll of teleportation (39 gold, have
                  | 21).
  5855 | D:8      | Found a transporter.
  5855 | D:8      | Found Difearex's Armour Shop.
  5857 | D:8      | Found a transporter.
  6011 | D:8      | 6011 ||| DRINKING 3 lumpy grey potions.
  6071 | D:9      | 6071 ||| RETREEEEATING.
  6072 | D:9      | 6072 ||| RETREEEEATING.
  6076 | D:9      | 6076 ||| RETREEEEATING.
  6077 | D:9      | 6077 ||| INVOKING Heroism.
  6078 | D:9      | 6078 ||| DRINKING potion of haste.
  6098 | D:9      | Reached *** piety under Okawaru
  6099 | D:9      | Reached skill level 12 in Dodging
  6104 | D:9      | Found a staircase to the Lair.
  6118 | D:9      | 6118 ||| RETREEEEATING.
  6119 | D:9      | 6119 ||| RETREEEEATING.
  6130 | D:9      | Reached XP level 10. HP: 49/49 MP: 14/14
  6134 | D:9      | 6134 ||| RETREEEEATING.
  6135 | D:9      | 6135 ||| RETREEEEATING.
  6138 | D:9      | 6138 ||| INVOKING Heroism.
  6169 | D:9      | Found an opulent altar of Gozag.
  6288 | D:9      | 6288 ||| RETREEEEATING.
  6291 | D:9      | 6291 ||| RETREEEEATING.
  6295 | D:9      | Reached **** piety under Okawaru
  6296 | D:9      | Reached skill level 13 in Dodging
  6638 | D:9      | Reached ***** piety under Okawaru
  7215 | D:9      | 7215 ||| PLANNING LAIR
  7264 | Lair:1   | Entered Level 1 of the Lair of Beasts
  7264 | Lair:1   | Noticed a black mamba
  7265 | Lair:1   | 7265 ||| INVOKING Finesse.
  7268 | Lair:1   | Killed a black mamba
  7269 | Lair:1   | Reached skill level 6 in Invocations
  7270 | Lair:1   | Noticed Urug
  7279 | Lair:1   | Killed Urug
  7327 | Lair:1   | Noticed a cane toad
  7333 | Lair:1   | 7333 ||| INVOKING Finesse.
  7337 | Lair:1   | Killed a cane toad
  7422 | Lair:1   | Noticed a black mamba
  7423 | Lair:1   | 7423 ||| INVOKING Finesse.
  7430 | Lair:1   | Killed a black mamba
  7431 | Lair:1   | Reached skill level 14 in Dodging
  7431 | Lair:1   | Reached XP level 11. HP: 53/53 MP: 11/17
  7775 | Lair:1   | 7775 ||| RETREEEEATING.
  7777 | Lair:1   | Received a gift from Okawaru
  7779 | Lair:1   | 7779 ||| RETREEEEATING.
  7780 | Lair:1   | 7780 ||| RETREEEEATING.
  7781 | Lair:1   | 7781 ||| RETREEEEATING.
  7782 | Lair:1   | 7782 ||| RETREEEEATING.
  7783 | Lair:1   | 7783 ||| RETREEEEATING.
  7784 | Lair:1   | 7784 ||| RETREEEEATING.
  7786 | Lair:1   | 7786 ||| RETREEEEATING.
  7789 | Lair:1   | 7789 ||| RETREEEEATING.
  7790 | Lair:1   | 7790 ||| RETREEEEATING.
  7791 | Lair:1   | 7791 ||| RETREEEEATING.
  7792 | Lair:1   | 7792 ||| RETREEEEATING.
  7793 | Lair:1   | 7793 ||| RETREEEEATING.
  7794 | Lair:1   | 7794 ||| RETREEEEATING.
  7795 | Lair:1   | 7795 ||| RETREEEEATING.
  7796 | Lair:1   | 7796 ||| RETREEEEATING.
  7797 | Lair:1   | 7797 ||| RETREEEEATING.
  7798 | Lair:1   | 7798 ||| INVOKING Finesse.
  7799 | Lair:1   | 7799 ||| INVOKING Finesse.
  8102 | Lair:1   | 8102 ||| RETREEEEATING.
  8103 | Lair:1   | 8103 ||| RETREEEEATING.
  8105 | Lair:1   | 8105 ||| RETREEEEATING.
  8129 | Lair:1   | Noticed a five-headed hydra
  8131 | Lair:1   | 8131 ||| INVOKING Finesse.
  8134 | Lair:1   | Killed a five-headed hydra
  8135 | Lair:1   | Reached skill level 12 in Ranged Weapons
  8139 | Lair:1   | Reached skill level 9 in Invocations
  8176 | Lair:1   | Noticed a catoblepas
  8176 | Lair:1   | Noticed a dire elephant
  8196 | Lair:1   | Found a runed translucent door.
  8333 | Lair:1   | Received a gift from Okawaru
  8404 | Lair:1   | 8404 ||| READING scroll of identify.
  8404 | Lair:1   | 8404 ||| IDENTIFYING sapphire potion
  8405 | Lair:1   | 8405 ||| DRINKING 2 sedimented silvery potions.
  8405 | Lair:1   | Gained mutation: Your body sometimes deteriorates upon
                  | taking damage. [potion of mutation]
  8405 | Lair:1   | Gained mutation: You are robust. (+10% HP) [potion of
                  | mutation]
  8405 | Lair:1   | Lost mutation: You are robust. (+10% HP) [potion of
                  | mutation]
  8405 | Lair:1   | Gained mutation: Your flesh is heat resistant. (rF+)
                  | [potion of mutation]
  8406 | Lair:1   | 8406 ||| DROPPING potion of brilliance.
  8484 | Lair:2   | 8484 ||| RETREEEEATING.
  8485 | Lair:2   | 8485 ||| RETREEEEATING.
  8486 | Lair:2   | 8486 ||| RETREEEEATING.
  8487 | Lair:2   | 8487 ||| RETREEEEATING.
  8488 | Lair:2   | 8488 ||| RETREEEEATING.
  8489 | Lair:2   | 8489 ||| RETREEEEATING.
  8490 | Lair:2   | 8490 ||| RETREEEEATING.
  8491 | Lair:2   | 8491 ||| RETREEEEATING.
  8492 | Lair:2   | 8492 ||| RETREEEEATING.
  8493 | Lair:2   | 8493 ||| RETREEEEATING.
  8494 | Lair:2   | 8494 ||| RETREEEEATING.
  8495 | Lair:2   | 8495 ||| RETREEEEATING.
  8496 | Lair:2   | 8496 ||| RETREEEEATING.
  8497 | Lair:2   | 8497 ||| RETREEEEATING.
  8498 | Lair:2   | 8498 ||| RETREEEEATING.
  8539 | Lair:2   | Found a blossoming altar of Fedhas.
  8542 | Lair:2   | Noticed an oklob plant
  8543 | Lair:2   | 8543 ||| INVOKING Finesse.
  8546 | Lair:2   | Killed an oklob plant
  8575 | Lair:2   | Noticed an oklob plant
  8581 | Lair:2   | Killed an oklob plant
  8806 | Lair:2   | 8806 ||| RETREEEEATING.
  8807 | Lair:2   | 8807 ||| RETREEEEATING.
  8808 | Lair:2   | 8808 ||| RETREEEEATING.
  8809 | Lair:2   | 8809 ||| RETREEEEATING.
  8810 | Lair:2   | 8810 ||| RETREEEEATING.
  8811 | Lair:2   | 8811 ||| RETREEEEATING.
  8812 | Lair:2   | 8812 ||| RETREEEEATING.
  8813 | Lair:2   | 8813 ||| RETREEEEATING.
  8815 | Lair:2   | 8815 ||| RETREEEEATING.
  8823 | Lair:2   | 8823 ||| RETREEEEATING.
  8824 | Lair:2   | 8824 ||| INVOKING Finesse.
  8940 | Lair:2   | Noticed a bog body
  8941 | Lair:2   | 8941 ||| RETREEEEATING.
  8943 | Lair:2   | Reached XP level 12. HP: 48/60 MP: 20/20
  8950 | Lair:2   | 8950 ||| RETREEEEATING.
  8952 | Lair:2   | 8952 ||| RETREEEEATING.
  8953 | Lair:2   | 8953 ||| RETREEEEATING.
  8955 | Lair:2   | 8955 ||| RETREEEEATING.
  8958 | Lair:2   | Reached skill level 15 in Dodging
  8997 | Lair:2   | Found a staircase to the Swamp.
  9530 | Lair:2   | Noticed a four-headed hydra
  9531 | Lair:2   | 9531 ||| INVOKING Finesse.
  9534 | Lair:2   | Killed a four-headed hydra
  9534 | Lair:2   | Received a gift from Okawaru
  9605 | Lair:2   | Reached skill level 16 in Dodging
  9611 | Lair:2   | 9611 ||| READING scroll labelled NOUSTU LEMAISA.
  9867 | Lair:3   | 9867 ||| RETREEEEATING.
  9869 | Lair:3   | 9869 ||| RETREEEEATING.
  9877 | Lair:3   | 9877 ||| RETREEEEATING.
  9878 | Lair:3   | 9878 ||| RETREEEEATING.
  9879 | Lair:3   | 9879 ||| RETREEEEATING.
  9880 | Lair:3   | 9880 ||| RETREEEEATING.
  9881 | Lair:3   | 9881 ||| RETREEEEATING.
  9882 | Lair:3   | 9882 ||| RETREEEEATING.
  9883 | Lair:3   | 9883 ||| RETREEEEATING.
  9885 | Lair:3   | 9885 ||| RETREEEEATING.
  9892 | Lair:3   | 9892 ||| INVOKING Finesse.
  9995 | Lair:3   | Noticed a four-headed hydra
  9996 | Lair:3   | 9996 ||| RETREEEEATING.
 10001 | Lair:3   | 10001 ||| INVOKING Finesse.
 10008 | Lair:3   | Killed a four-headed hydra
 10012 | Lair:3   | Received a gift from Okawaru
 10017 | Lair:3   | Reached skill level 17 in Dodging
 10108 | Lair:3   | Noticed Nessos
 10109 | Lair:3   | 10109 ||| INVOKING Finesse.
 10115 | Lair:3   | Killed Nessos
 10116 | Lair:3   | Reached XP level 13. HP: 58/65 MP: 15/21
 10249 | Lair:3   | 10249 ||| RETREEEEATING.
 10250 | Lair:3   | 10250 ||| RETREEEEATING.
 10251 | Lair:3   | 10251 ||| RETREEEEATING.
 10252 | Lair:3   | 10252 ||| RETREEEEATING.
 10254 | Lair:3   | 10254 ||| RETREEEEATING.
 10255 | Lair:3   | 10255 ||| RETREEEEATING.
 10256 | Lair:3   | 10256 ||| RETREEEEATING.
 10258 | Lair:3   | 10258 ||| RETREEEEATING.
 10259 | Lair:3   | 10259 ||| RETREEEEATING.
 10260 | Lair:3   | 10260 ||| RETREEEEATING.
 10261 | Lair:3   | 10261 ||| RETREEEEATING.
 10263 | Lair:3   | 10263 ||| INVOKING Finesse.
 10272 | Lair:3   | Reached skill level 6 in Fighting
 10313 | Lair:3   | Found a hole to the Spider Nest.
 10386 | Lair:3   | Found a white marble altar of Elyvilon.
 10538 | Lair:3   | 10538 ||| RETREEEEATING.
 10917 | Lair:3   | 10917 ||| UPGRADING to scarf of resistance.
 10922 | Lair:3   | 10922 ||| READING scroll of identify.
 10922 | Lair:3   | 10922 ||| IDENTIFYING fuming yellow potion
 10923 | Lair:3   | 10923 ||| READING 2 scrolls labelled EZELIATWAO.
 10924 | Lair:3   | 10924 ||| DROPPING scroll of amnesia.
 10960 | Lair:4   | Received a gift from Okawaru
 11033 | Lair:4   | Reached skill level 18 in Dodging
 11485 | Lair:4   | 11485 ||| RETREEEEATING.
 11489 | Lair:4   | 11489 ||| RETREEEEATING.
 11676 | Lair:4   | Found a viscous altar of Jiyva.
 11677 | Lair:4   | HP: 1/65 [oklob plant/splash of acid (34)]
 11678 | Lair:4   | 11678 ||| READING 4 scrolls of teleportation.
 11679 | Lair:4   | 11679 ||| DRINKING 2 potions of heal wounds.
 11926 | Lair:5   | Entered Level 5 of the Lair of Beasts
 11929 | Lair:5   | 11929 ||| STAIRDANCE
 11935 | Lair:5   | 11935 ||| STAIRDANCE
 11937 | Lair:4   | 11937 ||| RETREEEEATING.
 11938 | Lair:4   | 11938 ||| RETREEEEATING.
 11939 | Lair:4   | 11939 ||| RETREEEEATING.
 11940 | Lair:4   | 11940 ||| RETREEEEATING.
 11946 | Lair:4   | Reached skill level 15 in Ranged Weapons
 12087 | Lair:5   | 12087 ||| RETREEEEATING.
 12088 | Lair:5   | 12088 ||| RETREEEEATING.
 12095 | Lair:5   | 12095 ||| INVOKING Finesse.
 12104 | Lair:5   | HP: 12/65 [komodo dragon (18)]
 12105 | Lair:5   | 12105 ||| READING 3 scrolls of teleportation.
 12106 | Lair:5   | 12106 ||| DRINKING potion of heal wounds.
 12346 | Lair:5   | 12346 ||| RETREEEEATING.
 12348 | Lair:5   | 12348 ||| RETREEEEATING.
 12351 | Lair:5   | 12351 ||| RETREEEEATING.
 12353 | Lair:5   | 12353 ||| RETREEEEATING.
 12358 | Lair:5   | 12358 ||| RETREEEEATING.
 12359 | Lair:5   | 12359 ||| RETREEEEATING.
 12360 | Lair:5   | 12360 ||| RETREEEEATING.
 12361 | Lair:5   | 12361 ||| RETREEEEATING.
 12362 | Lair:5   | 12362 ||| RETREEEEATING.
 12363 | Lair:5   | 12363 ||| INVOKING Finesse.
 12364 | Lair:5   | Received a gift from Okawaru
 12387 | Lair:5   | Reached skill level 19 in Dodging
 12522 | Lair:5   | 12522 ||| RETREEEEATING.
 12525 | Lair:5   | 12525 ||| RETREEEEATING.
 12540 | Lair:5   | 12540 ||| INVOKING Finesse.
 12551 | Lair:5   | Received a gift from Okawaru
 12559 | Lair:5   | Reached XP level 14. HP: 56/70 MP: 17/22
 12760 | Lair:5   | Found a glowing golden altar of the Shining One.
 12856 | Lair:5   | 12856 ||| READING scroll of enchant weapon.
 12856 | Lair:5   | 12856 ||| ENCHANTING +5 hand cannon of draining.
 13253 | Lair:5   | Reached ****** piety under Okawaru
 13376 | Lair:5   | 13376 ||| INVOKING Receive Weapon.
 13376 | Lair:5   | 13376 ||| ACQUIRING +1 arbalest of freezing
 13376 | Lair:5   | Acquired a +1 arbalest of freezing
 13376 | Lair:5   | Received a gift from Okawaru
 13377 | Lair:5   | 13377 ||| INVOKING Receive Armour.
 13377 | Lair:5   | 13377 ||| ACQUIRING +5 acid dragon scales "Honeup" {rCorr
                  | Int+2 SInv}
 13377 | Lair:5   | Acquired the +5 acid dragon scales "Honeup" {rCorr Int+2
                  | SInv}
 13377 | Lair:5   | Received a gift from Okawaru
 13392 | Lair:5   | 13392 ||| PLANNING D:1-11
 13392 | Lair:5   | 13392 ||| DROPPING +0 acid dragon scales.
 13393 | Lair:5   | 13393 ||| UPGRADING to +5 acid dragon scales "Honeup"
                  | {rCorr Int+2 SInv}.
 13403 | Lair:5   | 13403 ||| UPGRADING to amulet of faith.
 13408 | Lair:5   | 13408 ||| READING scroll of identify.
 13408 | Lair:5   | 13408 ||| IDENTIFYING dark potion
 13409 | Lair:5   | 13409 ||| DROPPING potion of degeneration.
 13572 | D:10     | Entered Level 10 of the Dungeon
 13572 | D:10     | Found a staircase to the Orcish Mines.
 14064 | D:10     | 14064 ||| INVOKING Finesse.
 14066 | D:10     | Reached skill level 1 in Armour
 14083 | D:10     | Received a gift from Okawaru
 14529 | D:10     | 14529 ||| READING scroll of identify.
 14529 | D:10     | 14529 ||| IDENTIFYING 2 golden potions
 14530 | D:10     | 14530 ||| READING scroll labelled ETEJ QILEER.
 14638 | D:10     | 14638 ||| DROPPING 2 potions of attraction.
 14791 | D:11     | Found Mivillu's Armour Shoppe.
 14797 | D:11     | 14797 ||| BUYING +1 hat (132 gold).
 14797 | D:11     | Bought a +1 hat for 132 gold pieces
 14878 | D:11     | You fall into a shaft and drop 2 floors!
 14890 | D:13     | 14890 ||| UPGRADING to +1 hat.
 14895 | D:13     | 14895 ||| READING scroll of enchant armour.
 14895 | D:13     | 14895 ||| ENCHANTING +1 hat.
 15028 | D:12     | 15028 ||| RETREEEEATING.
 15029 | D:12     | 15029 ||| RETREEEEATING.
 15030 | D:12     | 15030 ||| RETREEEEATING.
 15073 | D:12     | Received a gift from Okawaru
 15153 | D:12     | 15153 ||| READING scroll of identify.
 15153 | D:12     | 15153 ||| IDENTIFYING bubbling grey potion
 15154 | D:12     | 15154 ||| DROPPING potion of ambrosia.
 15315 | D:11     | 15315 ||| DRINKING 3 potions of cancellation.
 15324 | D:11     | Noticed Erica
 15328 | D:11     | Killed Erica
 15619 | D:11     | 15619 ||| PLANNING D
 15619 | D:11     | 15619 ||| READING scroll of identify.
 15619 | D:11     | 15619 ||| IDENTIFYING fizzy inky potion
 15620 | D:11     | 15620 ||| DROPPING potion of berserk rage.
 15980 | D:12     | Found a runed translucent door.
 15983 | D:12     | Noticed Gauc's ghost (journeyman HOFi)
 16135 | D:12     | 16135 ||| READING scroll labelled VIRUACR COLOPA.
 16495 | D:13     | Received a gift from Okawaru
 16669 | D:13     | Found Kizofi's Book Shoppe.
 16841 | D:14     | 16841 ||| RETREEEEATING.
 16842 | D:14     | Found a gate to the Vaults.
 16843 | D:14     | 16843 ||| RETREEEEATING.
 16845 | D:14     | 16845 ||| RETREEEEATING.
 16850 | D:14     | 16850 ||| STAIRDANCE
 16979 | D:14     | 16979 ||| STAIRDANCE
 16993 | D:13     | Reached skill level 18 in Ranged Weapons
 17002 | D:14     | 17002 ||| STAIRDANCE
 17012 | D:14     | 17012 ||| STAIRDANCE
 17032 | D:14     | 17032 ||| STAIRDANCE
 17040 | D:13     | HP: 13/72 [vault guard/+2 long sword of holy wrath (6)]
 17041 | D:13     | 17041 ||| READING 2 scrolls of teleportation.
 17041 | D:13     | Slain by a vault guard

Levels and vault maps discovered:
D:1:      co_arrival_square_in_a_square_in_a_square, layout_basic
D:2:      layout_rooms
D:3:      layout_rooms, mainiacjoe_overflow_surrounded_room, minitemple,
          st_stairs_13
D:4:      layout_basic, nicolae_ashenzari_skybound, mainiacjoe_overflow_paths,
          minmay_temple_entry_purple_smoke
D:5:      layout_basic, mainiacjoe_overflow_alcove_2, lemuel_round_altar
D:6:      layout_rooms, trog_hazing_becter
D:7:      layout_loops_ring, nicolae_vehumet_altar_sigil
D:8:      layout_cave_pools, serial_shops, shop,
          nicolae_shop_tiny_real_fake_doors, nicolae_shop_statue_plus,
          nicolae_shop_drivethru
D:9:      layout_basic, nicolae_gozag_cash_rules_everything_around_me,
          due_lair_maze_entry_diamond
D:10:     layout_loops_corners, orc_0_dummy, nicolae_have_a_lightning_rod
D:11:     layout_gridville, serial_shops, shop, minmay_protected_statue,
          uniq_erica
D:12:     layout_loops_cross, gammafunk_ghost_grave, nicolae_figureground_pulse
D:13:     layout_loops_ring, serial_shops, shop, minmay_hedge_maze, pond
D:14:     minmay_bad_star, layout_gridville, erik_vaults_2, serial_shops, shop,
          kennysheep_generic_room_15
Temple:   nicolae_temple_bog_church
Lair:1:   gammafunk_lair_enchanted_lake, layout_regular_city,
          serial_bayou_shore_a, serial_bayou_shore_b, uniq_urug
Lair:2:   layout_cave_pods, nicolae_swamp_entry_splash_gauntlet,
          hangedman_tree_tricks, nzn_random_ring, infiniplex_staircase_pool_2
Lair:3:   layout_regular_city, hellmonk_spider_entry_not_the_bees, basic_altar,
          beast_lair_carwin_9, uniq_nessos
Lair:4:   layout_long_grid, dpeg_slime_entry_corner, grunt_megastairs_1
Lair:5:   grunt_lair_end_beastmaster, layout_cellular_growth, basic_altar

Skill      XL: |  1  2  3  4  5  6  7  8  9 10 11 12 13 14 |
---------------+-------------------------------------------+-----
Dodging        | 3 4 5 7 9 10 12 14 17 19 | 19.0
Ranged Weapons | 5 6 7 8 10 11 12 14 16 18 | 18.0
Fighting       | 2 3 4 5 6 7 |  7.4
Invocations    | 3 4 7 10 | 10.0
Armour         | 2 |  2.0
Stealth        | |  1.5

Action                     |  1- 3 |  4- 6 |  7- 9 | 10-12 | 13-15 || total
---------------------------+-------+-------+-------+-------+-------++-------
   Fire: Shortbow          |   100 |   102 |   153 |       |       ||   355
         Hand cannon       |       |       |   145 |   393 |   687 ||  1225
 Invoke: Heroism           |       |       |     1 |     1 |       ||     2
         Finesse           |       |       |       |    11 |     5 ||    16
         Receive Weapon    |       |       |       |       |     1 ||     1
         Receive Armour    |       |       |       |       |     1 ||     1
    Use: Scroll            |     6 |     5 |     7 |     2 |    13 ||    33
         Potion            |       |     5 |     2 |     1 |     3 ||    11
 Armour: Robe              |     2 |    14 |    51 |    31 |    27 ||   125
         Acid dragon scale |       |       |       |       |    38 ||    38
  Dodge: Dodged            |     8 |    47 |   215 |   259 |   367 ||   896

Table legend:
 A = Non-vault XP
 B = Vault XP
 C = Vault XP percentage of total XP
 D = Non-vault monster count
 E = Vault monster count
 F = Vault count percentage of total count
                 A         B        C        D         E       F
            +---------+---------+-------+---------+---------+-------
      Total |   62114 |   33707 |  35.2 |     413 |      96 |  18.9
            +---------+---------+-------+---------+---------+-------
        D:1 |      34 |       0 |   0.0 |      19 |       0 |   0.0
        D:2 |      29 |       0 |   0.0 |      18 |       0 |   0.0
        D:3 |      34 |       3 |   8.1 |      13 |       2 |  13.3
        D:4 |     255 |       0 |   0.0 |      13 |       0 |   0.0
        D:5 |    1170 |       0 |   0.0 |      21 |       0 |   0.0
        D:6 |     602 |      11 |   1.8 |      17 |       6 |  26.1
        D:7 |    1033 |       0 |   0.0 |      43 |       0 |   0.0
        D:8 |     634 |       0 |   0.0 |      13 |       0 |   0.0
        D:9 |    4074 |    1095 |  21.2 |      31 |       9 |  22.5
       D:10 |    2927 |     692 |  19.1 |      19 |       5 |  20.8
       D:11 |    4099 |     815 |  16.6 |      16 |       1 |   5.9
       D:12 |    6299 |       0 |   0.0 |      21 |       0 |   0.0
       D:13 |    4664 |    4727 |  50.3 |      11 |       7 |  38.9
       D:14 |       0 |     854 | 100.0 |       0 |       1 | 100.0
     Lair:1 |    5585 |    3132 |  35.9 |      21 |       6 |  22.2
     Lair:2 |    4127 |    7885 |  65.6 |      23 |      22 |  48.9
     Lair:3 |    8651 |    3979 |  31.5 |      44 |      14 |  24.1
     Lair:4 |    7704 |     857 |  10.0 |      31 |       4 |  11.4
     Lair:5 |   10193 |    9657 |  48.6 |      39 |      19 |  32.8
            +---------+---------+-------+---------+---------+-------
